[Event "Polofinale MCR junioru 2023"]
[Site "Czech Republic"]
[Date "2023.11.14"]
[Round "5.19"]
[White "Roubal, Matyas"]
[Black "Mametev, Artem"]
[Result "1/2-1/2"]
[TimeControl "90 min per 40 moves + 15 min + 30 sec / move from move 1"]
[WhiteFideId "23727152"]
[BlackFideId "23710195"]
[WhiteElo "1837"]
[BlackElo "2024"]

1. e4 c5 2. Nf3 d6 3. d4 cxd4 4. Nxd4 Nf6 5. Nc3 a6 6. Nb3 e6 7. g4 h6 8. Bg2 Be7 9. Be3 Nc6 10.
Qe2 Qc7 11. f4 b6 12. O-O-O Bb7 13. h4 Nd7 14. g5 b5 15. g6 fxg6 16.
Qg4 Nf8 17. f5 Ne5 18. Qg3 b4 19. Ne2 Nc4 20. Bf2 e5 21. fxg6 a5 22. Qf3 Bf6 23. Nd2 Rc8 24. Qb3 Nxg6 25.
Nxc4 Qxc4 26. Qxc4 Rxc4 27. Rxd6 Bxe4 28. Bxe4 Rxe4 29. Ng3 Rxh4 30. Rxh4 Nxh4 31. Ne4 Nf5 32. Ra6 O-O 33. Rxa5 Rc8 34. Bc5 h5 35. Bxb4 h4 36.
Ra3 Nd4 37. Bc5 Rd8 38. Nxf6+ gxf6 39. Bxd4 Rxd4 40. Rh3 Kf7 41. c3 Ra4 42. b4 Rxa2 43. Rxh4 Ke6 44. b5 Kd6 45. Rc4 f5 46.
Rc6+ Kd7 47. Rc5 Kd6 48. Rc6+ Kd7 1/2-1/2

[Event "Polofinale MCR junioru 2023"]
[Site "Czech Republic"]
[Date "2023.11.14"]
[Round "5.20"]
[White "Sprinar, Michal"]
[Black "Rousek, Jan"]
[Result "1/2-1/2"]
[TimeControl "90 min per 40 moves + 15 min + 30 sec / move from move 1"]
[WhiteFideId "23714190"]
[BlackFideId "386669"]
[WhiteElo "1742"]
[BlackElo "2006"]

1. e4 c5 2. Nf3 e6 3. d4 cxd4 4. Nxd4 Nf6 5. Nc3 Nc6 6. Ndb5 d6 7. Bf4 e5 8. Bg5 a6 9. Na3 b5 10.
Nd5 Be7 11. Bxf6 Bxf6 12. c4 b4 13. Nc2 a5 14. b3 O-O 15. g3 Bg5 16. Bg2 Rb8 17. O-O f5 18. exf5 Bxf5 19. Nde3 Ne7 20.
Nxf5 Nxf5 21. Be4 Kh8 22. Qd3 g6 23. Rad1 Be7 24. Qd5 1/2-1/2

[Event "Polofinale MCR junioru 2023"]
[Site "Czech Republic"]
[Date "2023.11.14"]
[Round "5.21"]
[White "Veny, Jaume"]
[Black "Zezula, Jakub"]
[Result "0-1"]
[TimeControl "90 min per 40 moves + 15 min + 30 sec / move from move 1"]
[WhiteFideId "397792"]
[BlackFideId "23723203"]
[WhiteElo "1729"]
[BlackElo "2002"]

1. e4 Nc6 2. Nf3 e5 3. Bb5 a6 4. Bxc6 dxc6 5. d4 exd4 6. Qxd4 Qxd4 7. Nxd4 c5 8. Ne2 Bd7 9. Bf4 O-O-O 10. Nbc3 Be6 11. O-O Ne7 12. Rad1 Re8 13. Bg3 f6 14. f3 Bf7 15. Nf4 Nc6 16. Nfd5 Ne5 17. Ne3 h5 18. h4 c4 19.
a4 Bc5 20. Bf2 Ng6 21. Nf5 Bf8 22. g3 Ne5 23. Kg2 Nc6 24.
Rfe1 Rg8 25. Ne3 Bb4 26. Re2 Bxc3 27. bxc3 Rd8 28. Red2 Rxd2 29. Rxd2 Rd8 30. Rxd8+ Kxd8 31. f4 g6 32.
Kf3 Ne7 33. Nd1 Be8 34. Nb2 b5 35. Bc5 Bc6 36. Bxe7+ Kxe7 37. Ke3 Kd6 38. Kd4 Bd7 39. axb5 axb5 40. e5+ fxe5+ 41.
fxe5+ Ke6 42. Nd1 c5+ 43. Ke4 Bc6+ 44. Kf4 b4 45. cxb4 cxb4 46. Ne3 c3 47. Nc4 b3 48. Na3 b2 49.
Nb1 Ba4 50. Nxc3 Bxc2 0-1

[Event "Polofinale MCR junioru 2023"]
[Site "Czech Republic"]
[Date "2023.11.14"]
[Round "5.22"]
[White "Svadlenka, Michal"]
[Black "Benes, Jachym"]
[Result "1/2-1/2"]
[TimeControl "90 min per 40 moves + 15 min + 30 sec / move from move 1"]
[WhiteFideId "23717068"]
[BlackFideId "23710870"]
[WhiteElo "1689"]
[BlackElo "1950"]

1. e4 e6 2. d4 d5 3. exd5 exd5 4.
Bd3 Bd6 5. Nc3 c6 6. Nge2 Nf6 7. O-O O-O 8. h3 Nbd7 9. Re1 Re8 10. Be3 Nf8 11. Qd2 Ng6 12. Nf4 Ne7 13. Nfe2 Bf5 14.
Bf4 Bxd3 15. Qxd3 Ng6 16. Bxd6 Qxd6 17. Ng3 Qb4 18. b3 Rxe1+ 19. Rxe1 Nf4 20. Qd2 Ne6 21. Rd1 a5 22. a4 Re8 23.
Nce2 Qxd2 24. Rxd2 g6 25. f3 h5 26. Kf2 h4 27. Nf1 Nh5 28. Ne3 Nef4 29. Nxf4 Nxf4 30. Ng4 Kg7 31. Ne5 Re7 1/2-1/2

[Event "Polofinale MCR junioru 2023"]
[Site "Czech Republic"]
[Date "2023.11.14"]
[Round "5.23"]
[White "Svacina, Tobias"]
[Black "Zezula, Matej"]
[Result "1-0"]
[TimeControl "90 min per 40 moves + 15 min + 30 sec / move from move 1"]
[WhiteFideId "385859"]
[BlackFideId "23725796"]
[WhiteElo "1941"]
[BlackElo "1666"]

1. e4 c5 2. Nf3 Nc6 3. d4 cxd4 4. Nxd4 Nf6 5. Nc3 e5 6. Ndb5 d6 7. Bg5 a6 8. Na3 b5 9. Nd5 Be7 10.
Bxf6 Bxf6 11. c3 O-O 12. h4 Rb8 13. Nc2 Bb7 14. g3 Be7 15. Bh3 Bc8 16. Bxc8 Rxc8 17. Nce3 a5 18. O-O b4 19.
Qa4 bxc3 20. bxc3 Re8 21. Rab1 Bf8 22. Rb7 Re6 23. Rfb1 Rg6 24. Nf5 Re6 25. R1b6 Nb8 26. Qb5 Re8 27.
Qxa5 Nd7 28. Nh6+ gxh6 29. Rxd7 1-0

[Event "Polofinale MCR junioru 2023"]
[Site "Czech Republic"]
[Date "2023.11.14"]
[Round "5.24"]
[White "Pressler, Tobias"]
[Black "Nespurek, Jakub"]
[Result "0-1"]
[TimeControl "90 min per 40 moves + 15 min + 30 sec / move from move 1"]
[WhiteFideId "23715359"]
[BlackFideId "391816"]
[WhiteElo "1937"]
[BlackElo "1680"]

1. f4 g6 2. Nf3 d6 3. g3 Bg7 4. Bg2 Nf6 5. O-O O-O 6. d3 Nc6 7. h3 e5 8. e4 exf4 9. gxf4 Nh5 10.
Nc3 Nd4 11. Be3 Nxf3+ 12. Qxf3 f5 13. Rae1 fxe4 14. dxe4 Nxf4 15. Bxf4 g5 16. e5 Rxf4 17. Qd5+ Kh8 18. Rxf4 gxf4 19.
e6 Qe7 20. Qf5 Be5 21. Bd5 c6 22. Bb3 Qf6 23. Rxe5 Qg7+ 24. Kh1 dxe5 25. Ne4 Bxe6 26. Bxe6 Rf8 27. Qg4 f3 28. Qxg7+ Kxg7 29.
Kg1 Rf4 30. Ng3 Kg6 31. Kf2 Kg5 32. c3 h5 33. Nf1 Rf6 34. Bc8 Kf4 35. Ng3 Rh6 36. Nf1 e4 37. Bxb7 Rd6 38. Ba6 e3+ 39.
Ke1 Rg6 40. b4 Rg2 0-1

[Event "Polofinale MCR junioru 2023"]
[Site "Czech Republic"]
[Date "2023.11.14"]
[Round "5.25"]
[White "Sadil, Antonin"]
[Black "Cerny, Michal"]
[Result "1/2-1/2"]
[TimeControl "90 min per 40 moves + 15 min + 30 sec / move from move 1"]
[WhiteFideId "23735597"]
[BlackFideId "391964"]
[WhiteElo "1648"]
[BlackElo "1920"]

1. e4 c5 2. Nf3 e6 3. c3 d5 4. exd5 Qxd5 5. d4 Nf6 6. Be3 cxd4 7. cxd4 Nc6 8. a3 Be7 9. Nc3 Qd8 10.
Bc4 O-O 11. O-O a6 12. d5 exd5 13. Nxd5 Nxd5 14. Bxd5 Qd6 15. Ng5 Qe5 16. Qh5 Bxg5 17. Qxg5 Qxg5 18. Bxg5 h6 19. Be3 Nd8 20.
Rac1 Be6 21. Bf3 Rc8 22. Bc5 Re8 23. Rc3 Nc6 24. Rfc1 Na5 25. Be3 Rxc3 26. Rxc3 Rc8 27. Rxc8+ Bxc8 28.
Bd5 Be6 29. Bb6 Bxd5 30. Bxa5 1/2-1/2

[Event "Polofinale MCR junioru 2023"]
[Site "Czech Republic"]
[Date "2023.11.14"]
[Round "5.26"]
[White "Hrbek, Jachym"]
[Black "Mrazek, Adam"]
[Result "0-1"]
[TimeControl "90 min per 40 moves + 15 min + 30 sec / move from move 1"]
[WhiteFideId "23709138"]
[BlackFideId "23725010"]
[WhiteElo "1913"]
[BlackElo "1643"]

1. e4 e6 2. Nf3 c5 3. b4 cxb4 4. a3 b6 5. axb4 Bb7 6. e5 Bxb4 7. c3 Be7 8. d4 d6 9. Bd3 Nd7 10.
Bf4 dxe5 11. Nxe5 Ngf6 12. Bb5 O-O 13. Bc6 Qc8 14. Qf3 Nxe5 15. Bxe5 Qxc6 16. Qxc6 Bxc6 17. O-O Rfd8 18. Rc1 Bd6 19.
Bxd6 Rxd6 20. Nd2 Rdd8 21. Nc4 Ne4 22. f3 Nd6 23. Nd2 b5 24. Ra6 Bb7 25. Ra5 Nc4 26. Nxc4 bxc4 27. Rca1 a6 28.
R1a4 Rdc8 29. Rb4 Rc7 30. Raa4 Rac8 31. Rb6 Kf8 32. Rab4 Rb8 33. Kf2 Ke7 34. Ke3 Kd7 35. Kf4 a5 36.
R4b5 a4 37. Rb4 a3 38. Ra4 Bc6 39. Rxb8 Bxa4 40. Ra8 Bc2 41. Rxa3 Rb7 42. Ra2 Bd3 0-1

[Event "Polofinale MCR junioru 2023"]
[Site "Czech Republic"]
[Date "2023.11.14"]
[Round "5.27"]
[White "Andrle, Filip"]
[Black "Kocman, Patrik"]
[Result "1-0"]
[TimeControl "90 min per 40 moves + 15 min + 30 sec / move from move 1"]
[WhiteFideId "23718749"]
[BlackFideId "23735732"]
[WhiteElo "2005"]
[BlackElo "1478"]

1. e4 e5 2. Nf3 Nc6 3. Bc4 Bc5 4. d3 d6 5. c3 Nf6 6. b4 Bb6 7. a4 a6 8. O-O O-O 9. h3 Be6 10.
Nbd2 h6 11. Qb3 Qd7 12. Bxe6 fxe6 13. Nc4 Ba7 14. b5 axb5 15. axb5 Ne7 16. b6 cxb6 17. Ba3 Nc8 18. Ra2 Bb8 19.
Bxd6 Rxa2 20. Bxf8 Ra6 21. Ncxe5 Qe8 22. Bb4 Nd6 23. Nc4 Nf7 24. Re1 g5 25. e5 Nd5 26. Ne3 Nf4 27. Ng4 Qc6 28.
d4 h5 29. Nf6+ Kg7 30. Qb1 Ng6 31. Nxh5+ 1-0

[Event "Polofinale MCR junioru 2023"]
[Site "Czech Republic"]
[Date "2023.11.14"]
[Round "5.28"]
[White "Kulhanek, Jachym"]
[Black "Urbansky, Stepan"]
[Result "1-0"]
[TimeControl "90 min per 40 moves + 15 min + 30 sec / move from move 1"]
[WhiteFideId "23716193"]
[BlackFideId "23761741"]
[WhiteElo "2056"]
[BlackElo "1675"]

1. e4 c5 2. c3 Nf6 3. e5 Nd5 4. d4 cxd4 5. Nf3 e6 6. cxd4 b6 7. Nc3 Nxc3 8. bxc3 Bb7 9. Bd3 Qc7 10.
c4 d5 11. O-O dxc4 12. Qa4+ Qc6 13. Qxc6+ Nxc6 14. Bxc4 Be7 15. Bb2 O-O 16. Rfd1 Na5 17. Bd3 Rac8 18. Nd2 f5 19. Kf1 Rc7 20.
Rac1 Rfc8 21. Rxc7 Rxc7 22. g4 g6 23. gxf5 gxf5 24. Ke2 Bd5 25. Rg1+ Kh8 26. a4 Nc4 27. Rc1 Bg5 28. Rxc4 Bxc4 29.
Nxc4 Be7 30. Nd6 Rc6 31. Ba3 Kg7 32. Nxf5+ exf5 33. Bxe7 1-0

[Event "Polofinale MCR junioru 2023"]
[Site "Czech Republic"]
[Date "2023.11.14"]
[Round "5.29"]
[White "Vylicil, Adam"]
[Black "Vlcek, Vojtech"]
[Result "1-0"]
[TimeControl "90 min per 40 moves + 15 min + 30 sec / move from move 1"]
[WhiteFideId "23717556"]
[BlackFideId "23728647"]
[WhiteElo "1896"]
[BlackElo "1703"]

1. d4 d5 2. Nf3 Nf6 3. Bf4 Bf5 4.
e3 e6 5.
c4 c6 6.
Nc3 a6 7. c5 Nbd7 8. Qb3 b5 9. cxb6 Qxb6 10. Qxb6 Nxb6 11. Rc1 Nfd7 12. Bc7 f6 13. a3 Be7 14. Nh4 Bg4 15. h3 Bh5 16.
Nb1 O-O 17. Bxb6 Nxb6 18. Rxc6 Rfc8 19. Rxc8+ Rxc8 20. Kd2 g5 21. Nf3 Bg6 22. Nc3 Nc4+ 23. Bxc4 dxc4 24. Rc1 Bd8 25. e4 Ba5 26.
Ke3 Rb8 27. Nd2 Bc7 28. g3 Rxb2 29. Nxc4 Rb3 30. Kd2 h5 31. d5 Kf7 32. d6 Bd8 33. f3 e5 34. Rb1 Rxb1 35. Nxb1 Ke6 36.
Nc3 Be8 37. Nd5 Bb5 38. Nc7+ Bxc7 39. dxc7 Kd7 40. Ne3 Bc6 41. g4 h4 42. Nd5 Bxd5 43. exd5 Kxc7 44. Kd3 a5 45. Ke4 Kd6 46.
Kf5 Kxd5 47. Kxf6 Kc4 48. Kxe5 Kb3 49. f4 Kxa3 50. fxg5 Kb2 51. g6 1-0

[Event "Polofinale MCR junioru 2023"]
[Site "Czech Republic"]
[Date "2023.11.14"]
[Round "5.30"]
[White "Fizerova, Lucie"]
[Black "Valdman, Jakub"]
[Result "1/2-1/2"]
[TimeControl "90 min per 40 moves + 15 min + 30 sec / move from move 1"]
[WhiteFideId "385115"]
[BlackFideId "23718196"]
[WhiteElo "1886"]
[BlackElo "1594"]

1. e4 e5 2. Nf3 Nc6 3. Bc4 Nf6 4. Ng5 d5 5. exd5 Na5 6. Bb5+ c6 7. dxc6 bxc6 8. Bd3 Bc5 9. O-O O-O 10.
Nc3 h6 11. Nge4 Nxe4 12. Nxe4 Bb6 13. b4 Nb7 14. Bb2 f5 15. Bc4+ Kh8 16. Nc3 Qh4 17. Qe2 Bc7 18. h3 Rf6 19.
f4 Be6 20. Ba6 Nd8 21. Kh1 Rg6 22. Qf2 Qxf4 23. Qxf4 exf4 24. Rae1 Rb8 25. a3 Nf7 26. Rf2 c5 27. b5 Be5 28.
Rfe2 Bxc3 29. Bxc3 Bd5 30. Kh2 Nd6 31. Be5 Rb6 32. Bxf4 Nxb5 33. Bxb5 Rxb5 34. g3 Rb2 35. c3 Be4 36.
Be3 Bd3 1/2-1/2

[Event "Polofinale MCR junioru 2023"]
[Site "Czech Republic"]
[Date "2023.11.14"]
[Round "5.31"]
[White "Vana, Jan"]
[Black "Jurok, Vojtech"]
[Result "1/2-1/2"]
[TimeControl "90 min per 40 moves + 15 min + 30 sec / move from move 1"]
[WhiteFideId "23726016"]
[BlackFideId "23741023"]
[WhiteElo "1965"]
[BlackElo "1801"]

1. e4 e6 2. d4 d5 3. Nd2 Nc6 4. Ngf3 Nf6 5. e5 Nd7 6. Be2 f6 7. exf6 Qxf6 8. Nf1 Bd6 9. Ne3 O-O 10.
c4 Qf7 11. O-O Nf6 12. c5 Be7 13. Rb1 a5 14. a3 Bd7 15. b4 axb4 16. axb4 Ne4 17. b5 Nc3 18. Qd3 Nxe2+ 19. Qxe2 Na7 20.
Ne5 Qe8 21. Nxd7 Qxd7 22. Ng4 Bf6 23. Nxf6+ Rxf6 24. Bd2 Rff8 25. Rfe1 Rae8 26. f4 c6 27. bxc6 bxc6 28. Qd3 Nb5 29.
g3 Ra8 30. Ra1 g6 31. h4 Rxa1 32. Rxa1 Qg7 33. Bc3 Qf7 34. Kf2 Qb7 35. Qe3 Qf7 36. Ra6 Rc8 37. Ba1 Qf5 38. Kf3 h5 39.
Ra2 Re8 40. Re2 Kf7 41. Qb3 Ra8 42. Ra2 Rxa2 43. Qxa2 Qe4+ 44. Kf2 Nxd4 45. Qa7+ Kf6 46. Qb8 Qf3+ 47. Kg1 Qxg3+ 48. Kf1 1/2-1/2

[Event "Polofinale MCR junioru 2023"]
[Site "Czech Republic"]
[Date "2023.11.14"]
[Round "5.32"]
[White "Mydlar, Matej"]
[Black "Lieber, Lukas"]
[Result "1-0"]
[TimeControl "90 min per 40 moves + 15 min + 30 sec / move from move 1"]
[WhiteFideId "23735074"]
[BlackFideId "23700688"]
[WhiteElo "1809"]
[BlackElo "1959"]

1. e4 c6 2. d4 d5 3. exd5 cxd5 4. Bd3 Nc6 5. c3 g6 6. Bf4 Bg7 7. Ne2 Nh6 8. Nd2 O-O 9. O-O f6 10.
h3 Nf7 11. Bh2 e5 12. dxe5 fxe5 13. Nb3 Nd6 14. a4 e4 15. Bb5 Nf5 16. Nf4 a6 17. Be2 d4 18. Bc4+ Kh8 19. Nc5 Ne5 20.
Nfe6 Qe7 21. Ba2 Bxe6 22. Nxe6 Rfd8 23. Qe2 e3 24. cxd4 exf2+ 25. Rxf2 Nxd4 26. Qxe5 Nxe6 27. Qxe6 Qxe6 28.
Bxe6 Bd4 29. Kh1 Re8 30. Re2 b6 31. Rae1 Ra7 32. Bc4 Rxe2 33. Rxe2 b5 34. Bb3 Rd7 35. axb5 axb5 36. Bf4 Kg7 37.
Rd2 Kf6 38. Be3 Ke5 39. Bxd4+ Rxd4 40. Rxd4 Kxd4 41. Kh2 Kc5 42. Bg8 h6 43. Kg3 Kd4 44. Kf4 1-0

[Event "Polofinale MCR junioru 2023"]
[Site "Czech Republic"]
[Date "2023.11.14"]
[Round "5.33"]
[White "Slaby, Matej"]
[Black "Gregor, Alexandr"]
[Result "0-1"]
[TimeControl "90 min per 40 moves + 15 min + 30 sec / move from move 1"]
[WhiteFideId "23734876"]
[BlackFideId "23735813"]
[WhiteElo "1940"]
[BlackElo "1601"]

1. Nf3 d5 2. d4 Nf6 3. e3 Bg4 4. b3 e6 5. Bb2 Bd6 6. Nbd2 O-O 7. Bd3 Nbd7 8. O-O c5 9. c4 cxd4 10.
exd4 Bf4 11. Qc2 Rc8 12. g3 Bxd2 13. Nxd2 Qc7 14. Rae1 Bh3 15. f4 Bxf1 16. Kxf1 h6 17. h3 dxc4 18.
bxc4 Qc6 19. Kf2 Nb6 20. Qb1 h5 21. Re5 Qa4 22. Ba1 Rfd8 23. Rg5 Nxc4 24. Nxc4 Rxc4 25. Bxc4 Qxc4 26. Rc5 Ne4+ 27. Qxe4 Qxa2+ 28. Rc2 Qxa1 29.
Rd2 b5 30. f5 exf5 31. Qxf5 Rxd4 32. Qc8+ Kh7 33. Qf5+ Kh6 34. Re2 Qh1 35. Qxf7 Qh2+ 36. Ke3 Qg1+ 37. Rf2 Ra4 38. Qe6+ g6 39.
Qd6 Qe1+ 40. Re2 Qc3+ 41. Kf2 Qd4+ 0-1

[Event "Polofinale MCR junioru 2023"]
[Site "Czech Republic"]
[Date "2023.11.14"]
[Round "5.34"]
[White "Babula, Matej"]
[Black "Pistej, Tomas"]
[Result "1-0"]
[TimeControl "90 min per 40 moves + 15 min + 30 sec / move from move 1"]
[WhiteFideId "398322"]
[BlackFideId "23750740"]
[WhiteElo "1899"]
[BlackElo "1502"]

1. d4 d5 2. Nc3 Nf6 3. Bf4 c6 4. f3 Bf5 5. g4 Bg6 6. h4 h5 7. g5 Nfd7 8. e4 e6 9. Qd2 Bb4 10.
Bd3 c5 11. exd5 cxd4 12. Bxg6 e5 13. Be4 dxc3 14. bxc3 Ba5 15. Be3 Qc8 16. Ne2 Nb6 17. Qd3 N8d7 18. O-O Na4 19. Rab1 Nxc3 20.
Nxc3 Bxc3 21. d6 Nb6 22. d7+ 1-0

[Event "Polofinale MCR junioru 2023"]
[Site "Czech Republic"]
[Date "2023.11.14"]
[Round "5.35"]
[White "Meca, Viktor"]
[Black "Popov, Roman"]
[Result "0-1"]
[TimeControl "90 min per 40 moves + 15 min + 30 sec / move from move 1"]
[WhiteFideId "23739800"]
[BlackFideId "23732580"]
[WhiteElo "1642"]
[BlackElo "1889"]

1. e4 c6 2. d4 d5 3. Nc3 dxe4 4. Nxe4 Nf6 5. Nxf6+ exf6 6. Nf3 Bd6 7. Be2 O-O 8. O-O Qc7 9.
c4 Nd7 10. Qc2 Re8 11. Bd3 Nf8 12. h3 g6 13. d5 b6 14. dxc6 Qxc6 15. Nd4 Qc5 16. Nb3 Qc7 17. Be4 Bb7 18.
Bxb7 Qxb7 19. Bd2 Ne6 20. Rfe1 Re7 21. Qe4 Qxe4 22. Rxe4 f5 23. Ree1 Rc7 24. Rac1 Rac8 25. c5 Bxc5 26.
Bc3 Bf8 27. Rcd1 Bg7 28. Bxg7 Kxg7 29. Rd2 Rc2 30. Ree2 R2c4 31. Rd7 R8c7 32. Rxc7 Nxc7 33. g3 Ne6 34. f4 a5 35. Re3 a4 36. Nd2 Rc5 37. Nb3 Rc4 38. Kg2 Nd4 0-1

[Event "Polofinale MCR junioru 2023"]
[Site "Czech Republic"]
[Date "2023.11.14"]
[Round "5.36"]
[White "Svadlenka, Dominik"]
[Black "Rucabado, Stefan"]
[Result "1-0"]
[TimeControl "90 min per 40 moves + 15 min + 30 sec / move from move 1"]
[WhiteFideId "23716258"]
[BlackFideId "23730315"]
[WhiteElo "1725"]
[BlackElo "1873"]

1. d4 Nf6 2. c4 g6 3. Nc3 Bg7 4.
e4 d6 5.
Be2 O-O 6. Nf3 e5 7. O-O Nc6 8. d5 Ne7 9. b4 a5 10. bxa5 Nd7 11. Nd2 Rxa5 12. Nb3 Ra8 13. Be3 b6 14. f3 f5 15. Kh1 f4 16.
Bg1 g5 17. a4 Nc5 18. a5 Nxb3 19. Qxb3 bxa5 20. c5 Ng6 21. cxd6 cxd6 22. Bb6 Qe7 23. Bxa5 Bd7 24. Bc7 h5 25.
Qb6 Rxa1 26. Rxa1 Rf6 27. Bd8 Qf7 28. Bxf6 Qxf6 29. Bb5 1-0

[Event "Polofinale MCR junioru 2023"]
[Site "Czech Republic"]
[Date "2023.11.14"]
[Round "5.37"]
[White "Stejskal, Michal"]
[Black "Brychta, David"]
[Result "1-0"]
[TimeControl "90 min per 40 moves + 15 min + 30 sec / move from move 1"]
[WhiteFideId "398195"]
[BlackFideId "23742798"]
[WhiteElo "1872"]
[BlackElo "1230"]

1. d4 d5 2. Nf3 Nf6 3. c4 e6 4. e3 c5 5. Nc3 cxd4 6. exd4 Be7 7. Bf4 O-O 8. Rc1 Nc6 9. Be2 dxc4 10.
Bxc4 a6 11. O-O Nd5 12. Bg3 Bf6 13. Ne4 Na5 14. Bxd5 Qxd5 15. Nxf6+ gxf6 16. Rc5 Qxa2 17. Bh4 f5 18. Qd2 Nb3 19.
Qg5+ Kh8 20. Qh6 1-0

[Event "Polofinale MCR junioru 2023"]
[Site "Czech Republic"]
[Date "2023.11.14"]
[Round "5.38"]
[White "Hampl, David"]
[Black "Vasinek, Martin"]
[Result "1-0"]
[TimeControl "90 min per 40 moves + 15 min + 30 sec / move from move 1"]
[WhiteFideId "398802"]
[BlackFideId "392200"]
[WhiteElo "1801"]
[BlackElo "1987"]

1. d4 d6 2. Nc3 g6 3. e4 Bg7 4. Bf4 Nf6 5. Qd2 h5 6. O-O-O c6 7. Nf3 b5 8. Bd3 Qa5 9. Kb1 b4 10.
Ne2 Be6 11. Nc1 c5 12. dxc5 dxc5 13. Ng5 Nc6 14. Nxe6 fxe6 15. e5 Nd5 16. Nb3 Qb6 17. Bxg6+ Kf8 18. Bd3 Rd8 19. Be3 Nxe5 20.
Bxc5 Qc7 21. Bxb4 Rb8 22. Ba5 Qc6 23. Rhe1 Rh6 24. Rxe5 1-0

[Event "Polofinale MCR junioru 2023"]
[Site "Czech Republic"]
[Date "2023.11.14"]
[Round "5.39"]
[White "Sklar, Petr"]
[Black "Striz, Tadeas"]
[Result "0-1"]
[TimeControl "90 min per 40 moves + 15 min + 30 sec / move from move 1"]
[WhiteFideId "23731141"]
[BlackFideId "23723530"]
[WhiteElo "1160"]
[BlackElo "1371"]

1. d4 Nf6 2. Bf4 d5 3. e3 c5 4. c3 Qb6 5. Qb3 Nc6 6. Nd2 cxd4 7. exd4 Bf5 8. Ngf3 e6 9. Bb5 Be7 10.
Ne5 Rc8 11. O-O O-O 12. Bxc6 bxc6 13. Ndf3 Ne4 14. Qxb6 axb6 15. Nd7 Rfd8 16. Nxb6 c5 17. Nxc8 Rxc8 18. dxc5 Nxc5 19. Nd4 Bg6 20.
Bg3 Nd3 21. b4 Rxc3 22. b5 Bf6 23. b6 Nc5 24. Nb3 Nb7 25. Rac1 d4 26. Rxc3 dxc3 27. a4 Bc2 28. a5 Bxb3 29.
a6 Nc5 30. a7 Bd5 31. Ra1 Ba8 32. Rc1 Nb3 33. Rc2 Nd4 34. Ra2 c2 35. Bf4 Kf8 36. Be3 Ke7 37. Bxd4 c1=Q# 0-1

[Event "Polofinale MCR junioru 2023"]
[Site "Czech Republic"]
[Date "2023.11.15"]
[Round "6.2"]
[White "Lang, Simon"]
[Black "Hak, David"]
[Result "0-1"]
[TimeControl "90 min per 40 moves + 15 min + 30 sec / move from move 1"]
[WhiteFideId "23712449"]
[BlackFideId "377007"]
[WhiteElo "2090"]
[BlackElo "2253"]

1. e4 c5 2. Nf3 Nc6 3. d4 cxd4 4. Nxd4 g6 5. Nc3 Bg7 6. Be3 Nf6 7. f3 O-O 8. Qd2 d5 9. exd5 Nxd5 10.
Nxc6 bxc6 11. Bd4 e5 12. Bc5 Re8 13. Ne4 f5 14. Nd6 Bf8 15. Bc4 Be6 16. Bxd5 Bxd5 17. Nb7 Qh4+ 18. Bf2 Qc4 19.
Na5 Qb5 20. Nb3 Rad8 21. Bh4 Rd6 22. Qf2 Bxb3 23. axb3 Bh6 24. Qg3 Bd2+ 0-1

[Event "Polofinale MCR junioru 2023"]
[Site "Czech Republic"]
[Date "2023.11.15"]
[Round "6.3"]
[White "Bohacek, Jan Andrej"]
[Black "Bokhnak, Timofey"]
[Result "1-0"]
[TimeControl "90 min per 40 moves + 15 min + 30 sec / move from move 1"]
[WhiteFideId "23727357"]
[BlackFideId "14172976"]
[WhiteElo "2066"]
[BlackElo "2210"]

1. d4 Nf6 2. c4 e6 3. g3 d5 4. Bg2 Be7 5. Nf3 O-O 6. O-O c6 7. Nc3 b6 8. Ne5 Bb7 9. e4 dxc4 10.
Nxc4 Ba6 11. b3 b5 12. Ne5 b4 13. Ne2 Bxe2 14. Qxe2 Qxd4 15. Bb2 Qb6 16. Rac1 a5 17. Qc2 Rc8 18.
Rfd1 Qc7 19. h4 Ra7 20. Bh3 Bf8 21. Qc4 Qe7 22. f4 Nfd7 23. Nd3 c5 24. Qc2 Rac7 25. Ne5 Nc6 26. Nc4 Rd8 27.
e5 Nd4 28. Qf2 Nc6 29. Nd6 f6 30. exf6 Nxf6 31. Nc4 Rxd1+ 32. Rxd1 Qe8 33. Re1 Nd4 34. Re5 Qc6 35. Bg2 Qd7 36.
Bh3 Rc6 37. Qe3 Nd5 38. Qd3 Nb6 39. Bxd4 cxd4 40. Nxa5 Rc1+ 41. Kh2 Qd8 42. Bxe6+ Kh8 43. Rh5 h6 44. Qg6 Rc2+ 45. Kh3 1-0

[Event "Polofinale MCR junioru 2023"]
[Site "Czech Republic"]
[Date "2023.11.15"]
[Round "6.4"]
[White "Skypala, Ondrej"]
[Black "Pavlis, Matej"]
[Result "1/2-1/2"]
[TimeControl "90 min per 40 moves + 15 min + 30 sec / move from move 1"]
[WhiteFideId "366285"]
[BlackFideId "23735767"]
[WhiteElo "2159"]
[BlackElo "1974"]

1. c4 e6 2. g3 Nf6 3. Bg2 d5 4.
Nf3 Be7 5. O-O O-O 6. d4 c5 7. dxc5 Bxc5 8. a3 Be7 9. b4 a6 10. Bb2 Nc6 11. Nbd2 Rb8 12. Rc1 Re8 13. Qc2 Bd7 14.
cxd5 exd5 15. Ne5 Rc8 16. Nxd7 Qxd7 17. Qd3 Rcd8 18. Rfd1 Qe6 19. Nf3 Ne4 20. Nd4 Nxd4 21. Bxd4 Bf6 22.
Rc7 b5 23. Rdc1 h6 24. Bf3 Rd6 25. h4 Red8 26. Be3 Be5 27. Kg2 Nf6 28. Bc5 Rc6 29. Rxc6 Qxc6 30. g4 Qe6 31. g5 hxg5 32.
hxg5 Ne4 33. Be3 Rd6 34. Qc2 Nc3 35. Rh1 g6 36. Bc5 Rd8 37. Rh4 d4 38. Qd2 Bg7 39. Rf4 Qe5 40. Rg4 Nb1 41.
Qd3 Nc3 42. Bb6 Rd7 43. Bc5 Qe6 44. Rg3 Qc4 45. Qd2 Be5 46. Rg4 Nd5 47. Be4 Qc3 48. Qxc3 dxc3 49. Kf3 Nc7 50. Rg1 Rd2 51.
Ra1 Ne6 52. Be3 Rb2 53. Bd3 Nd4+ 54. Ke4 Nb3 55. Rb1 Nd2+ 56. Bxd2 cxd2 57. Rd1 Bc3 58. f4 Ra2 59. f5 gxf5+ 60. Kxf5 Kg7 61. Rg1 Ra1 62. Rxa1 Bxa1 63. Bc2 Bb2 64. a4 Bc3 65. axb5 axb5 66. e4 Bxb4 67. e5 Bc3 68. Bb3 b4 69.
Bc2 Bb2 70. Bb3 Bc3 71. Bc2 Kf8 72. e6 fxe6+ 73. Kxe6 Kg7 74. g6 Kh6 75. Kf5 Kh5 76. Kf4 b3 77. Bxb3 Kxg6 1/2-1/2

[Event "Polofinale MCR junioru 2023"]
[Site "Czech Republic"]
[Date "2023.11.15"]
[Round "6.6"]
[White "Jirasko, Miroslav"]
[Black "Soucek, Petr"]
[Result "0-1"]
[TimeControl "90 min per 40 moves + 15 min + 30 sec / move from move 1"]
[WhiteFideId "23729414"]
[BlackFideId "23715170"]
[WhiteElo "2084"]
[BlackElo "2227"]

1. Nf3 Nf6 2. c4 e6 3. g3 d5 4. Bg2 d4 5. O-O c5 6. d3 Nc6 7. e3 Bd6 8. exd4 cxd4 9. Bg5 h6 10.
Bxf6 Qxf6 11. Nbd2 Qe7 12. Re1 O-O 13. Nb3 Qf6 14. c5 Bc7 15. Nbd2 Rd8 16. a3 a5 17. Rb1 a4 18. Rc1 e5 19. Rc4 Qe7 20. Rxa4 Rxa4 21. Qxa4 Qxc5 22.
Ne4 Qb6 23. b4 Qa7 24. Qxa7 Nxa7 25. Rc1 Bb8 26. Rc5 f6 27. Nfd2 b6 28. Rc1 f5 29. Nc5 bxc5 30. Rxc5 Be6 31.
a4 Bd6 32. Ra5 Bxb4 33. Rxa7 Bxd2 34. a5 Bd5 35. a6 e4 36. Re7 Bb4 37. Re5 Ba8 38. Rb5 Bd6 39. Rxf5 exd3 40. Bxa8 Rxa8 41.
Rd5 d2 42. Rxd4 Bb4 0-1